 Dungeon Crawl Stone Soup version 0.24-a0-250-g6074511 (webtiles) character file.

Game seed: 1377227295385586670

46 Borgoz the Cutter (level 3, 0/22 HPs)
             Began as a Kobold Gladiator on Apr 14, 2019.
             Slain by an orc
             ... wielding a +1 short sword of protection
              (5 damage)
             ... on level 3 of the Dungeon.
             The game lasted 00:02:51 (1703 turns).

Borgoz the Cutter (Kobold Gladiator)                Turns: 1703, Time: 00:02:52

Health: 0/22       AC:  5    Str: 12    XL:     3   Next: 95%
Magic:  3/3        EV: 21    Int:  9    God:
Gold:   106        SH:  0    Dex: 16    Spells: 2/2 levels left

rFire    . . .     SeeInvis .   a - +0 rapier
rCold    . . .     Gourm    .   (shield restricted)
rNeg     . . .     Faith    .   b - +0 leather armour
rPois    .         Spirit   .   c - +0 helmet
rElec    .         Reflect  .   o - +0 cloak
rCorr    .         Harm     .   (no gloves)
MR       .....                  (no boots)
Stlth    ++........             (no amulet)
HPRegen  0.07/turn              n - +5 ring of evasion
MPRegen  0.08/turn              (no ring)

@: lethally poisoned (0 -> -7), hasted, very quick
A: small, carnivore
a: no special abilities


You were on level 3 of the Dungeon.
You were very full.

You visited 1 branch of the dungeon, and saw 3 of its levels.

You collected 106 gold pieces.

Inventory:

Hand Weapons
 a - a +0 rapier (weapon)
Missiles
 d - 2 throwing nets (quivered)
Armour
 b - a +0 leather armour (worn)
 c - a +0 helmet (worn)
 o - a +0 cloak (worn)
Jewellery
 n - a +5 ring of evasion (left hand)
Scrolls
 h - a scroll of blinking {unknown}
 i - 2 scrolls of remove curse {unknown}
 j - 2 scrolls of fog {unknown}
 l - a scroll of amnesia {unknown}
 m - 2 scrolls of magic mapping {unknown}
 q - 2 scrolls of identify {unknown}
 s - a scroll of enchant weapon {unknown}
Potions
 g - 2 potions of resistance {unknown}
 k - a potion of heal wounds
 p - 2 potions of degeneration {unknown}
 r - a potion of lignification {unknown}
Comestibles
 f - 11 rations


   Skills:
 + Level 2.8 Fighting
 + Level 4.5 Short Blades
 - Level 2.1 Throwing
 + Level 0.9 Armour
 + Level 4.0 Dodging
 + Level 1.8 Stealth


You had 2 spell levels left.
You didn't know any spells.
Your spell library was empty.

Dungeon Overview and Level Annotations

Branches:
Dungeon (3/15)

Altars:
Elyvilon
Fedhas
Xom


Innate Abilities, Weirdness & Mutations

You are small and have problems with some larger weapons.
You are carnivorous and can eat meat at any time.


Message History

The dart slug barely misses you. The orc misses you.
The orc closely misses you.
You closely miss the orc wizard.
The orc wizard is moderately wounded.
You feel sick.
You hit the orc wizard.
The orc wizard is heavily wounded.
The orc wizard hits you with a +0 dagger.
The orc closely misses you. x2; The orc completely misses you.
The dart slug barely misses you.
You hit the orc wizard.
The orc wizard is severely wounded.
You feel sick.
The orc wizard gestures at you while chanting.
The magic dart hits you.
* * * LOW HITPOINT WARNING * * *
You closely miss the orc wizard.
The orc wizard is severely wounded.
The orc hits you with a +1 short sword of protection.
You die...

#..............##......
#.......)......##......
#####..........##......
#..........##......
#..........#.......
####.....###....#..
#.....# #...#.#.
######.....# #..# #
#..o@o.....#
#...owo.....#
#...........#
#...######### #... #...
#.. #..


You could see an orc wizard, a dart slug and 3 orcs.

Vanquished Creatures
  A gnoll (D:2)
  An ooze (D:2)
  A dart slug (D:2)
  2 leopard geckos (D:1)
  An orc (D:3)
  5 bats
  2 giant cockroaches (D:1)
  A goblin (D:1)
  A hobgoblin (D:1)
  8 kobolds
  3 frilled lizards
  3 rats (D:1)
29 creatures vanquished.

Notes
Turn   | Place    | Note
-------+----------+-------------------------------------------
     0 | D:1      | Borgoz the Kobold Gladiator began the quest for the Orb.
     0 | D:1      | Reached XP level 1. HP: 12/12 MP: 1/1
   277 | D:1      | Reached XP level 2. HP: 14/18 MP: 2/2
   542 | D:1      | Reached skill level 1 in Stealth
   718 | D:1      | Reached XP level 3. HP: 21/22 MP: 3/3
   846 | D:2      | Found a blossoming altar of Fedhas.
  1101 | D:2      | Found a white marble altar of Elyvilon.
  1386 | D:2      | Found a shimmering altar of Xom.
  1703 | D:3      | Slain by an orc

Levels and vault maps discovered:
D:1:      dpeg_arrival_refuge, layout_rooms, corexii_hall_statues_s,
          minmay_pentomino_q4
D:2:      layout_loops_ring, marbit_many_paths, tgw_xom,
          overflow_temple_1_default
D:3:      layout_basic, zin_treasury, chequers_ecumenical_altar_simple_redux,
          first_ration

Skill      XL: |  1  2  3 |
---------------+----------+-----
Stealth        | 1 |  1.8
Dodging        | 4 |  4.0
Fighting       | |  2.8
Short Blades   | |  4.5
Throwing       | |  2.1
Armour         | |  0.9

Action                   || total
-------------------------++-------
Melee: Rapier            ||   111
Throw: Throwing net      ||     2
  Use: Potion            ||     2
 Stab: Sleeping          ||     1
  Eat: Chunk             ||     9
Armor: Leather armour    ||    18
Dodge: Dodged            ||   132

Table legend:
 A = Non-vault XP
 B = Vault XP
 C = Vault XP percentage of total XP
 D = Non-vault monster count
 E = Vault monster count
 F = Vault count percentage of total count
                 A         B        C        D         E       F
            +---------+---------+-------+---------+---------+-------
      Total |      48 |      19 |  28.4 |      24 |       5 |  17.2
            +---------+---------+-------+---------+---------+-------
        D:1 |      29 |       4 |  12.1 |      17 |       3 |  15.0
        D:2 |      15 |      15 |  50.0 |       5 |       2 |  28.6
        D:3 |       4 |       0 |   0.0 |       2 |       0 |   0.0
            +---------+---------+-------+---------+---------+-------
